 Dungeon Crawl Stone Soup version 0.28.0-53-g5a82cb258f (webtiles) character file.

Game seed: 1635897275676289878

462 Gabide the Bolt Thrower (level 6, -5/52 HPs)
             Began as a Deep Dwarf Hunter on May 27, 2022.
             Was a Plaything of Xom.
             Slain by a culicivora (8 damage)
             ... on level 4 of the Dungeon.
             The game lasted 00:07:30 (3033 turns).

Gabide the Bolt Thrower (Deep Dwarf Hunter)         Turns: 3033, Time: 00:07:32

Health: -5/52      AC:  5    Str: 15      XL:     6   Next: 79%
Magic:  4/4        EV: 11    Int: 12      God:    Xom [*.....]
Gold:   177        SH:  5    Dex: 12 (15) Spells: 5/5 levels left

rFire   . . .      SeeInvis .   i - +3 dagger (elec)
rCold   . . .      Faith    .   (no shield)
rNeg    . . .      Spirit   .   r - +0 ring mail
rPois   .          Reflect  +   (no helmet)
rElec   .          Harm     .   (no cloak)
rCorr   .          Rampage  .   (no gloves)
Will    .....                   (no boots)
Stlth   +.........              k - amulet of reflection
HPRegen 0.00/turn               (no ring)
MPRegen 0.09/turn               (no ring)

@: mighty, invisible
A: damage resistance, heal wounds, sense surroundings 1, no regeneration
a: Heal Wounds, Renounce Religion


You were on level 4 of the Dungeon.
You worshipped Xom.
You were a special plaything of Xom.
You visited 1 branch of the dungeon, and saw 4 of its levels.

You collected 177 gold pieces.

Inventory:

Hand Weapons
 a - a +1 hand crossbow
 b - a +2 vampiric short sword
 i - a +3 dagger of electrocution (weapon)
Missiles
 q - a bolt
Armour
 c - a +0 leather armour
 h - a +0 chain mail
 r - a +0 ring mail (worn)
 u - a +0 helmet
Jewellery
 k - an amulet of reflection (around neck)
Scrolls
 d - a scroll of fog {unknown}
 f - a scroll of amnesia {unknown}
 j - a scroll of immolation {unknown}
 m - a scroll of enchant armour {unknown}
 p - a scroll of magic mapping {unknown}
 t - a scroll of vulnerability {unknown}
Potions
 e - a potion of magic
 l - a potion of haste
 n - a potion of curing {unknown}
 o - a potion of cancellation {unknown}
 s - a potion of lignification {unknown}


   Skills:
 - Level 1.7 Fighting
 + Level 5.2 Short Blades
 - Level 6.2 Crossbows
 - Level 2.1 Dodging
 - Level 1.2 Stealth


You had 5 spell levels left.
You didn't know any spells.
Your spell library contained the following spells:

 Spells                   Type           Power      Damage    Failure   Level
 Portal Projectile        Hex/Tloc       0%         N/A       89%         3
 Blade Hands              Tmut           0%         N/A       100%        5
 Excruciating Wounds      Necr           0%         N/A       100%        5


Dungeon Overview and Level Annotations

Branches:
Dungeon (4/15)
 Temple: D:4-7

Altars:
Xom

Shops:
D:2 :


Innate Abilities, Weirdness & Mutations

You are resistant to damage.
You can heal yourself by infusing magical energy.
You passively map a small area around you.
You do not regenerate.


Message History

The quasit degenerates into a cloud of primal chaos!
Really walk into that cloud of seething chaos?
Okay, then.
You see here a +0 short sword of speed.
Found a chain mail.
You now have 177 gold pieces (gained 5).
Found a helmet.
You see here a +0 helmet.
A black bear comes into view.
The black bear growls angrily.
You see here a +0 helmet.
u - a +0 helmet "Hum-dee-hum-dee-hum..."
The black bear evaporates and reforms as a culicivora! "The weather's been a little too boring around here."
Press: ? - help, v - describe, . - travel The floor.
The culicivora is engulfed in seething chaos.
The culicivora seems to speed up.
The culicivora bites you.
The culicivora draws strength from your injuries!
The culicivora is engulfed in seething chaos.
The culicivora suddenly seems more agile.
The culicivora closely misses you.
You hit the culicivora.
The culicivora is lightly wounded.
You are engulfed in seething chaos.
You fade into invisibility!
The culicivora is engulfed in seething chaos.
The culicivora bites you!!
* * * LOW HITPOINT WARNING * * *
The culicivora draws strength from your injuries!
Okay, then.
Okay, then.
It was a potion of might.
You feel very mighty all of a sudden.
Xom thinks this is hilarious!
The culicivora is engulfed in seething chaos.
The culicivora seems to grow stronger.
The culicivora bites you!
You die...
Xom chuckles heartily!

##.##.########.#
#......#
##......(....>.#
#..#####
.......##############..#
..<...).......[........#
#####.#####.##########.#
#.# #.# #.# #.# #.# #.#
#.# #.##########.# ..#
#.....@s.....# ###
#..########### #..# #..#
#..# #..# ####


You could see a culicivora (fast, strong, agile).

Vanquished Creatures
  A centaur (D:4)
  2 phantoms (D:3)
  A hound (D:4)
  An iguana (D:4)
  An orc wizard (D:3)
  2 hound skeletons (D:4)
  An adder (D:2)
  An ufetubus (D:4)
  2 worms
  5 dart slugs
  13 orcs
  2 bats
  8 endoplasms
  4 giant cockroaches
  4 goblins
  6 hobgoblins
  4 jackals (D:1)
  12 kobolds
  2 quokkas
  7 ball pythons
  3 frilled lizards
  7 rats
89 creatures vanquished.

Vanquished Creatures (collateral kills)
  An orc (D:3)
1 creature vanquished.

Grand Total: 90 creatures vanquished

Notes
Turn   | Place    | Note
-------+----------+-------------------------------------------
     0 | D:1      | Gabide the Deep Dwarf Hunter began the quest for the Orb.
     0 | D:1      | Reached XP level 1. HP: 19/19 MP: 1/1
   105 | D:1      | Reached XP level 2. HP: 23/26 MP: 2/2
   111 | D:1      | Reached skill level 5 in Crossbows
   291 | D:1      | Reached XP level 3. HP: 26/32 MP: 3/3
   543 | D:1      | Found a faded altar of an unknown god.
   572 | D:1      | Prayed at the altar of an unknown god.
   572 | D:1      | Became a worshipper of Xom of Chaos
   894 | D:2      | Found Muez's Book Boutique.
   900 | D:2      | XOM: potion effect (berserk rage)
   974 | D:2      | Reached skill level 6 in Crossbows
  1196 | D:2      | Reached XP level 4. HP: 33/39 MP: 4/4
  1573 | D:3      | XOM: 3-stop teleportation journey
  1682 | D:3      | Reached skill level 1 in Short Blades
  2074 | D:3      | Noticed a phantom
  2109 | D:3      | Killed a phantom
  2110 | D:3      | Reached XP level 5. HP: 15/45 MP: 5/5
  2444 | D:3      | XOM: smoke on damage
  2449 | D:3      | HP: 2/45 [something (3)]
  2523 | D:4      | Noticed a phantom
  2554 | D:4      | XOM: cast spell 'Olgreb's Toxic Radiance'
  2555 | D:3      | XOM: summons 5 friendly demons
  2565 | D:3      | Killed a phantom
  2566 | D:3      | Reached XP level 6. HP: 35/52 MP: 5/5
  2636 | D:4      | XOM: blink monster(s)
  2785 | D:4      | XOM: enchant monster (good)
  2793 | D:4      | Reached skill level 5 in Short Blades
  2930 | D:4      | XOM: summons 1 hostile demon
  3024 | D:4      | Noticed a culicivora
  3024 | D:4      | a black bear changed into a culicivora
  3024 | D:4      | XOM: polymorph black bear -> culicivora
  3028 | D:4      | XOM: chaos cloud
  3033 | D:4      | Slain by a culicivora

Illustrated notes

Levels and vault maps discovered:
D:1:      lemuel_arrival_behind_the_door_large, layout_loops_ring,
          shapermc_ecumenical_altar_notcrosses, minmay_misc_feat_secret_circle,
          columned_hall_lemuel
D:2:      layout_basic, serial_shops, nicolae_square_shop, grunt_decor_fettered,
          kennysheep_decorative_pillar
D:3:      layout_loops_ring
D:4:      layout_loops_ring

Skill      XL: |  1  2  3  4  5  6 |
---------------+-------------------+-----
Crossbows      | 5 6 |  6.2
Short Blades   | 2 4 5 |  5.2
Fighting       | |  1.7
Dodging        | |  2.1
Stealth        | |  1.2

Action                   |  1- 3 |  4- 6 || total
-------------------------+-------+-------++-------
Melee: Short sword       |    37 |   135 ||   172
       Punch             |       |     3 ||     3
       Dagger            |       |    29 ||    29
 Fire: Hand crossbow     |    82 |    10 ||    92
 Abil: Heal Wounds       |     1 |     4 ||     5
  Use: Scroll            |       |     2 ||     2
       Potion            |       |     2 ||     2
 Stab: Sleeping          |       |     6 ||     6
       Distracted        |       |     1 ||     1
Armor: Leather armour    |    14 |    12 ||    26
       Ring mail         |       |    42 ||    42
Dodge: Dodged            |    39 |   122 ||   161
Block: Other             |       |    33 ||    33
       Reflection        |       |     1 ||     1
